 Dungeon Crawl Stone Soup version 0.19-a0-1111-gcceb26a (webtiles) character file.

120 aronpayne the Skirmisher (level 5, 0/64 HPs)
             Began as a Formicid Fighter on Aug 11, 2016.
             Was an Initiate of Okawaru.
             Succumbed to an orc priest's poison
             ... on level 3 of the Dungeon.
             The game lasted 00:08:50 (1899 turns).

aronpayne the Skirmisher (Formicid Fighter)         Turns: 1899, Time: 00:08:51

Health: 0/64       AC: 22    Str: 27    XL:     5   Next: 25%
Magic:  5/5        EV:  2    Int:  7    God:    Okawaru [......]
Gold:   61         SH: 10    Dex: 10    Spells: 0 memorised, 4 levels left

rFire  . . .     SeeInvis .     a - +1 long sword
rCold  . . .     Gourm    .     (armour currently unavailable)
rNeg   + + +     Faith    .     c - +0 shield
rPois  +         Spirit   .     (helmet unavailable)
rElec  .         Dismiss  .     (cloak currently unavailable)
rCorr  .         Reflect  .     (gloves currently unavailable)
SustAt .         Harm     .     (boots currently unavailable)
MR     .....                    (no amulet)
Stlth  ++........               (no ring)
                                (no ring)

@: mighty, lethally poisoned (0 -> -3), tree-form
A: permanent stasis, dig shafts and tunnels, four strong arms, (antennae 0),
(poison resistance)
a: Renounce Religion


You were on level 3 of the Dungeon.
You worshipped Okawaru.
Okawaru was noncommittal.
You were not hungry.
You were a tree.
You visited 1 branch of the dungeon, and saw 3 of its levels.

You collected 61 gold pieces.

Inventory:

Hand Weapons
 a - a +1 long sword (weapon)
Armour
 b - a +0 scale mail (melded)
 c - a +0 shield (worn)
Scrolls
 e - a scroll of recharging
 h - a scroll of amnesia
Potions
 k - a potion of lignification
Comestibles
 f - 3 bread rations
 j - a royal jelly
 l - 3 chunks of flesh
 n - 3 meat rations


   Skills:
 * Level 4.3 Fighting
 + Level 2.9 Long Blades
 + Level 3.9 Armour
 + Level 2.0 Stealth
 + Level 4.2 Shields


You had 4 spell levels left.
You didn't know any spells.

Dungeon Overview and Level Annotations

Branches:
Dungeon (3/15)

Altars:
Okawaru
Yredelemnul


Innate Abilities, Weirdness & Mutations

You are under a permanent stasis effect.
You can dig through walls and to a lower floor.
Your four strong arms can wield two-handed weapons with a shield.
((You have a pair of large antennae on your head. (SInv)))
((Your system is resistant to poisons. (rPois)))


Message History

The tomahawk hits you but does no damage.
* * * LOW HITPOINT WARNING * * *
You feel sick.
You barely miss the orc.
* * * LOW HITPOINT WARNING * * *
You feel sick. The orc hits you but does no damage.
You slash the orc!
You kill the orc!
Okawaru accepts your kill.
Your Stealth skill increases to level 2!
You cannot move.
Okay, then.
As you read the scroll labeled ROKIED POGUI, it crumbles to dust.
It is a scroll of identify.
You don't have any unidentified items.
* * * LOW HITPOINT WARNING * * *
You feel sick.
* * * LOW HITPOINT WARNING * * *
You feel sick.
You die...

#.#.........=......# #
#.#.###.#.####......
#.#.#.###.#.# #.##.##
#.........#.# #.# #
#..........# #.#
##.#(####### #.# #.# #.#
#)# #.# #♣# #.# #)#
#.##### #)# #..(...
..o.o..(...##########...
..#####.##.............#
>....#####.......# ###
#........ #.........
..........#


There were no monsters in sight!

Vanquished Creatures
  An orc priest (D:3)
  An orc wizard (D:3)
  An adder zombie (D:3)
  A worm (D:2)
  3 dart slugs
  A giant gecko (D:2)
  3 orcs (D:3)
  3 bats (D:1)
  2 giant cockroaches
  9 goblins
  5 hobgoblins
  2 jackals (D:3)
  4 kobolds
  A quokka (D:2)
  3 giant newts
  9 rats
49 creatures vanquished.

Notes
Turn   | Place    | Note
-------+----------+-------------------------------------------
     0 | D:1      | aronpayne the Formicid Fighter began the quest for the Orb.
     0 | D:1      | Reached XP level 1. HP: 18/18 MP: 1/1
   176 | D:1      | Reached XP level 2. HP: 24/24 MP: 2/2
   452 | D:1      | Reached skill level 1 in Stealth
   476 | D:1      | Reached XP level 3. HP: 28/29 MP: 3/3
  1282 | D:2      | Found a basalt altar of Yredelemnul.
  1457 | D:2      | Reached XP level 4. HP: 37/37 MP: 4/4
  1517 | D:2      | Found an iron altar of Okawaru.
  1564 | D:2      | Became a worshipper of Warmaster Okawaru
  1884 | D:3      | Reached XP level 5. HP: 15/43 MP: 5/5
  1886 | D:3      | Gained mutation: Your system is resistant to poisons. (rPois) [potion of beneficial mutation]
  1893 | D:3      | HP: 3/64 [poisoned by an orc priest]
  1896 | D:3      | HP: 1/64 [poisoned by an orc priest]
  1899 | D:3      | Succumbed to an orc priest's poison

Vault maps used:
D:1:      scummos_arrival_simple_fountains
D:2:      yredelemnul_altar_generic, overflow_temple_1_default
D:3:      lemuel_round_altar, uniq_jessica

Skill      XL: |  1  2  3  4  5 |
---------------+----------------+-----
Stealth        | 1 2 |  2.0
Fighting       | 4 |  4.3
Shields        | 4 |  4.2
Long Blades    | |  2.9
Armour         | |  3.9

Action                   |  1- 3 |  4- 6 || total
-------------------------+-------+-------++-------
Melee: Long sword        |   126 |    32 ||   158
 Abil: Dig               |     1 |       ||     1
  Use: Scroll            |     8 |     2 ||    10
       Potion            |       |     3 ||     3
  Eat: Chunk             |     2 |     1 ||     3
Armor: Scale mail        |    39 |     9 ||    48
       Skin              |       |     4 ||     4
Dodge: Dodged            |    28 |     7 ||    35
Block: Shield            |    48 |    11 ||    59
